 Dungeon Crawl Stone Soup version 0.20-a0-969-g5a5da1e (webtiles) character file.

175 HAWKINGL3623 the Sneak (level 5, -24/26 HPs)
             Began as a Spriggan Assassin on Oct 22, 2017.
             Killed by the air
             ... invoked by Gastronok
              (38 damage)
             ... on level 8 of the Dungeon.
             The game lasted 00:09:02 (1117 turns).

HAWKINGL3623 the Sneak (Spriggan Assassin)          Turns: 1117, Time: 00:09:03

Health: -24/26     AC:  4    Str:  8    XL:     5   Next: 29%
Magic:  6/6        EV: 19    Int: 13    God:
Gold:   130        SH:  0    Dex: 17    Spells: 4/4 levels left

rFire    . . .     SeeInvis +   a - +2 dagger
rCold    . . .     Gourm    .   (shield restricted)
rNeg     . . .     Faith    .   c - +0 robe
rPois    +         Spirit   .   (helmet restricted)
rElec    .         Reflect  .   i - +1 cloak {rPois}
rCorr    .         Harm     .   (gloves unavailable)
MR       .....                  (boots unavailable)
Stlth    ++++......             l - amulet of regeneration
Regen    0.5/turn               (no ring)
MPRegen  0.1/turn               (no ring)

@: very quick
A: unfitting armour, see invisible, herbivore 3, speed 3, slow metabolism 2
a: no special abilities


You were on level 8 of the Dungeon.
You were not hungry.

You visited 1 branch of the dungeon, and saw 8 of its levels.

You collected 130 gold pieces.

Inventory:

Hand Weapons
 a - a +2 dagger (weapon)
 b - a +0 blowgun
Missiles
 e - 7 poisoned needles
 f - 2 curare-tipped needles
 m - 28 stones (quivered)
Armour
 c - a +0 robe (worn)
 d - a +0 cloak
 i - a +1 cloak of poison resistance (worn)
Jewellery
 l - an amulet of regeneration (around neck)
Potions
 k - a potion of lignification
 n - a potion of curing
 o - a potion of heal wounds
Comestibles
 g - a bread ration
 h - 2 royal jellies


   Skills:
 + Level 2.0 Fighting
 + Level 3.1 Short Blades
 + Level 2.7 Throwing
 + Level 3.4 Dodging
 + Level 7.9 Stealth


You had 4 spell levels left.
You didn't know any spells.

Dungeon Overview and Level Annotations

Branches:
Dungeon (8/15)
 Temple: D:4-7         Lair: D:8-11

Altars:

Shops:
D:6 *

Annotations:
D:6 Eustachio
D:7 Joseph
D:8 Gastronok, Pikel


Innate Abilities, Weirdness & Mutations

You are very small and have problems with some larger weapons.
You are too small for most types of armour.
You have supernaturally acute eyesight. (SInv)
You are a herbivore.
You cover ground extremely quickly.
You need consume almost no food.


Message History

Joseph unwields an uncursed quarterstaff of crushing.
Joseph wields a runed hunting sling.
It is covered in frost.
Joseph shoots a sling bullet.
The sling bullet hits you!
Ouch! That really hurt!
The sling bullet freezes you.
You see here a sling bullet.
There is a stone staircase leading down here.
You climb downwards.
An ogre, 4 slaves and Pikel come into view.
Pikel is wielding a whip of freezing.
The slave shouts! x3; The ogre shouts!
You hear a shout!
Found a war axe, a scroll labeled ZABBOENNUT and 10 stones.
There is a stone staircase leading up here.
Gastronok the Ponderous comes into view.
Found a rapier.
Found a war axe.
Gastronok waves his eye-stalks in wide circles.
The air twists around and strikes you!
Ouch! That really hurt!
You die...

............#
.............#
.............#
......)......#
........).....#
..............#
..............#
.........@....#
..............#
..............#
.........p....#
..........p...#
..............#
..w........K..#
.......O.pp...#
..............#


You could see Gastronok, Pikel, an ogre and 4 slaves.

Vanquished Creatures
  An ogre (D:7)
  2 worker ants (D:5)
  2 adders (D:4)
  An adder skeleton (D:5)
  A leopard gecko (D:4)
  An orc (D:7)
  3 bats
  A giant cockroach (D:1)
  5 goblins
  A hobgoblin (D:1)
  2 jackals (D:2)
  A quokka (D:6)
  2 frilled lizards
  A rat (D:1)
24 creatures vanquished.

Notes
Turn   | Place    | Note
-------+----------+-------------------------------------------
     0 | D:1      | HAWKINGL3623 the Spriggan Assassin began the quest for the Orb.
     0 | D:1      | Reached XP level 1. HP: 10/10 MP: 2/2
    10 | D:1      | Reached skill level 6 in Stealth
   242 | D:1      | You fall through a shaft!
   254 | D:2      | Reached XP level 2. HP: 14/14 MP: 3/3
   632 | D:4      | Noticed an ogre
   715 | D:4      | Reached XP level 3. HP: 10/18 MP: 4/4
   842 | D:5      | Entered Level 5 of the Dungeon
   859 | D:5      | Reached skill level 7 in Stealth
   900 | D:5      | Reached XP level 4. HP: 17/23 MP: 5/5
   943 | D:6      | a hound gained the power of zot (level 1).
   971 | D:6      | Found Biuts's Assorted Antiques.
   975 | D:6      | Noticed Eustachio
   985 | D:6      | Noticed an orc warrior
  1008 | D:7      | something gained the power of zot (level 1).
  1008 | D:7      | something gained the power of zot (level 1).
  1008 | D:7      | something gained the power of zot (level 1).
  1008 | D:7      | something gained the power of zot (level 1).
  1008 | D:7      | something gained the power of zot (level 1).
  1008 | D:7      | something gained the power of zot (level 1).
  1033 | D:7      | Noticed an ogre
  1036 | D:7      | Killed an ogre
  1036 | D:7      | Reached XP level 5. HP: 26/26 MP: 6/6
  1096 | D:7      | Noticed Joseph
  1110 | D:8      | something gained the power of zot (level 1).
  1110 | D:8      | Noticed Pikel
  1110 | D:8      | Noticed a slave
  1110 | D:8      | Noticed a slave
  1110 | D:8      | Noticed a slave
  1110 | D:8      | Noticed a slave
  1110 | D:8      | Noticed an ogre
  1112 | D:8      | Noticed Gastronok
  1117 | D:8      | Killed from afar by Gastronok

Vault maps used:
D:1:      matt_arrival_debris, cheibriados_altar_1
D:3:      cheibrodos_helix_gallery, chequers_ecumenical_altar_simple_redux,
          tgw_sif
D:4:      uniq_menkaure, uniq_blork_the_orc, uniq_natasha
D:5:      first_bread
D:6:      nicolae_qazlal_eye_of_the_storm, minmay_temple_entry_poolview,
          serial_shops, nicolae_shop_stone, nicolae_alphabet_shops,
          uniq_eustachio
D:7:      uniq_joseph
D:8:      uniq_gastronok, uniq_grum, uniq_psyche, uniq_pikel

Skill      XL: |  1  2  3  4 |
---------------+-------------+-----
Stealth        | 6 7 |  7.9
Dodging        | 2 3 |  3.4
Fighting       | 2 |  2.0
Short Blades   | 3 |  3.1
Throwing       | |  2.7

Action                   |  1- 3 |  4- 6 || total
-------------------------+-------+-------++-------
Melee: Dagger            |    77 |     8 ||    85
 Fire: Blowgun           |    14 |       ||    14
Throw: Stone             |     6 |     1 ||     7
  Use: Scroll            |     4 |     3 ||     7
       Potion            |     4 |       ||     4
 Stab: Sleeping          |     4 |     4 ||     8
Armor: Robe              |    13 |     2 ||    15
Dodge: Dodged            |    62 |     9 ||    71
